 Dungeon Crawl Stone Soup version 0.26.1-11-gd32895ea62 (webtiles) character file.

Game seed: 18116687956985908974

2746 Almogavar the Geomancer (level 9, -8/48 HPs)
             Began as a Gargoyle Earth Elementalist on May 29, 2021.
             Was a Believer of Nemelex Xobeh.
             Mangled by a komodo dragon (25 damage)
             ... on level 8 of the Dungeon.
             The game lasted 00:35:43 (9694 turns).

Almogavar the Geomancer (GrEE)                      Turns: 9694, Time: 00:35:44

Health: -8/48      AC: 13    Str: 12    XL:     9   Next: 68%
Magic:  20/28      EV: 16    Int: 19    God:    Nemelex Xobeh [**....]
Gold:   524        SH:  0    Dex: 10    Spells: 18/22 levels left

rFire    . . .     SeeInvis .   C - +2 whip (flame)
rCold    . . .     Faith    .   (no shield)
rNeg     + . .     Spirit   .   u - +0 leather armour
rPois    ∞         Reflect  .   w - +0 helmet
rElec    +         Harm     .   (no cloak)
rCorr    .         Rampage  .   t - +1 pair of gloves
Will     .....                  V - +0 pair of boots
Stlth    ++........             y - amulet of magic regeneration
HPRegen  0.16/turn              S - +4 ring of evasion
MPRegen  0.46/turn              x - ring of magical power

@: no status effects
A: negative energy resistance 1, electricity resistance, unbreathing,
petrification resistance, miasma immunity, AC +6
a: Renounce Religion, Draw Escape, Draw Destruction, Draw Summoning


You were on level 8 of the Dungeon.
You worshipped Nemelex Xobeh.
Nemelex Xobeh was pleased with you.
You visited 2 branches of the dungeon, and saw 9 of its levels.

You collected 524 gold pieces.

Inventory:

Hand Weapons
 C - a +2 whip of flaming (weapon)
 L - the +5 dagger of Dahocs {vorpal, rN+ Will- Int+4, unknown}
   (You found it on level 6 of the Dungeon)

   It inflicts extra damage upon your enemies.
   It affects your intelligence (+4).
   It protects you from negative energy.
   It affects your willpower, your defense against some magical effects.
 O - a +3 mace
 X - a +2 whip of flaming
Missiles
 b - 146 stones
 D - 47 bolts
Armour
 c - a +0 kite shield
 e - a +2 ring mail of poison resistance
 m - a +0 chain mail
 s - a +0 scale mail
 t - a +1 pair of gloves (worn)
 u - a +0 leather armour (worn)
 w - a +0 helmet (worn)
 K - a +0 buckler
 V - a +0 pair of boots (worn)
Jewellery
 q - an uncursed ring of see invisible
 x - a ring of magical power (right hand)
 y - an amulet of magic regeneration (around neck)
 E - an uncursed ring of flight
 M - an uncursed ring of magical power
 P - an uncursed amulet of regeneration
 S - a +4 ring of evasion (left hand)
Wands
 d - a wand of flame (16)
 F - a wand of polymorph (14)
 J - a wand of random effects (12)
 T - a wand of acid (7)
 W - a wand of iceblast (6)
Scrolls
 a - 3 scrolls of remove curse
 f - 3 scrolls of fog
 g - 2 scrolls of magic mapping
 j - 3 scrolls of amnesia
 p - 2 scrolls of blinking {unknown}
 r - 2 scrolls of fear {unknown}
 z - a scroll of noise {unknown}
 G - 3 scrolls of teleportation {unknown}
 I - a scroll of immolation {unknown}
 Q - a scroll of enchant weapon {unknown}
 U - a scroll of identify
Potions
 h - a potion of berserk rage
 i - a potion of flight
 k - 2 potions of invisibility {unknown}
 l - a potion of haste
 n - a potion of resistance {unknown}
 o - a potion of might
 v - a potion of degeneration {unknown}
 A - a potion of ambrosia {unknown}
 B - 5 potions of curing {unknown}
 H - 4 potions of heal wounds {unknown}
 N - 2 potions of mutation {unknown}
 R - a potion of lignification {unknown}


   Skills:
 + Level 1.8 Fighting
 + Level 2.7 Maces & Flails
 + Level 2.0 Armour
 + Level 3.0 Dodging
 + Level 3.2 Stealth
 + Level 7.2 Spellcasting
 + Level 5.7 Conjurations
 + Level 0.7 Transmutations
 + Level 9.1 Earth Magic


You had 18 spell levels left.
You knew the following spells:

 Your Spells              Type           Power        Failure   Level
a - Sandblast             Erth           82%          1%          1
b - Stone Arrow           Conj/Erth      70%          1%          3

Your spell library contained the following spells:

 Spells                   Type           Power        Failure   Level
 Passwall                 Tmut/Erth      20%          2%          2
 Lee's Rapid Deconstruct  Erth           20%          9%          5
 Beastly Appendage        Tmut           18%          10%         1
 Wereblood                Tmut           9%           14%         2
 Petrify                  Tmut/Erth      25%          16%         4
 Spider Form              Tmut/Pois      4%           32%         3
 Ice Form                 Ice/Tmut       8%           71%         4
 Blade Hands              Tmut           4%           95%         5


Dungeon Overview and Level Annotations

Branches:
Dungeon (8/15)             Temple (1/1) D:5            Lair (0/6) D:8

Altars:
Ashenzari
Cheibriados
Dithmenos
Elyvilon
Fedhas
Gozag
Hepliaklqana
Kikubaaqudgha
Makhleb
Nemelex Xobeh
Okawaru
Qazlal
Ru
Sif Muna
Trog
Uskayaw
Vehumet
Wu Jian
Xom
Yredelemnul
Zin
The Shining One

Shops:
D:6 ((

Annotations:
D:3 2 transporters, knorpule3000's ghost, amateur KoSu


Innate Abilities, Weirdness & Mutations

You are resistant to torment.
Your stone body is resilient. (AC +6)
You are immune to poison.
You resist negative energy. (rN+)
You are resistant to electric shocks. (rElec)
You can survive without breathing.
You are immune to petrification.
You are immune to miasma.


Message History

The komodo dragon bites you!
Casting: Sandblast (safe; 1% risk of failure)
Confirm with . or Enter, or press ? or * to list all spells.
Aiming: Sandblast (safe; 1% risk of failure)
Press: ? - help, Shift-Dir - straight line, f/p - komodo dragon
Aim: a komodo dragon (heavily wounded, 13% to evade)
The blast of sand hits the komodo dragon but does no damage.
The komodo dragon is heavily wounded.
The komodo dragon bites you!!
Casting: Sandblast (safe; 1% risk of failure)
Confirm with . or Enter, or press ? or * to list all spells.
Aiming: Sandblast (safe; 1% risk of failure)
Press: ? - help, Shift-Dir - straight line, f/p - komodo dragon
Aim: a komodo dragon (heavily wounded, 13% to evade)
The blast of sand hits the komodo dragon!
The komodo dragon is severely wounded.
The komodo dragon bites you!!
Ouch! That really hurt!
You die...
Your body glows slightly and disappears.

#.#.###>........#.
#.#.........###.#.
####.#########.###.#.
#.!..# #.......
##.##.# #.#####.
##...###########.# #.
##PP...##.......>.#
#.
#PPP.)..#########.#
#. #PPP...@##
#.#####.


#PPPPPl..# #....... #PPPP..P.# ####..#. #PP..P....# #.... #P.?..P...# #.#..
#P.>.PP...# #...# #P...PP.#.. ..### #PPPPP.)#.## #### ##PPPPP##.# You could see
a komodo dragon.

Vanquished Creatures
  Pikel (D:4)
  A water moccasin (D:8)
  2 ice beasts (D:8)
  An orc warrior (D:5)
  2 sky beasts
  A phantom (D:8)
  2 ogres
  A centaur (D:5)
  2 lemures (D:4)
  A big kobold (D:7)
  A gnoll sergeant (D:6)
  2 bullfrogs
  2 scorpions (D:8)
  2 howler monkeys
  4 hounds
  A jelly (D:8)
  2 orc priests
  3 orc wizards
  2 bullfrog skeletons
  2 iguanas
  Ijyb (D:3)
  Terence (D:2)
  6 worker ants
  Robin (D:3)
  10 gnolls
  6 adders
  3 shadow imps
  2 white imps
  2 ufetubi (D:6)
  An adder zombie (D:8)
  An adder skeleton (D:5)
  5 worms
  3 dart slugs
  4 leopard geckos
  26 orcs
  8 giant cockroaches
  20 goblins
  7 hobgoblins
  7 jackals
  10 kobolds
  6 ball pythons
  4 bats
  5 frilled lizards
  A jackal skeleton (D:5)
  8 rats
183 creatures vanquished.

Vanquished Creatures (others)
  2 plants (D:8)
2 creatures vanquished.

Grand Total: 185 creatures vanquished

Notes
Turn   | Place    | Note
-------+----------+-------------------------------------------
     0 | D:1      | Almogavar the Gargoyle Earth Elementalist began the quest
                  | for the Orb.
     0 | D:1      | Reached XP level 1. HP: 10/10 MP: 3/3
   164 | D:1      | Reached skill level 4 in Earth Magic
   294 | D:1      | Reached XP level 2. HP: 15/15 MP: 1/5
   997 | D:2      | Reached XP level 3. HP: 19/19 MP: 6/6
  1290 | D:2      | Found a shadowy altar of Dithmenos.
  1436 | D:2      | Learned a level 3 spell: Stone Arrow
  1629 | D:2      | Reached XP level 4. HP: 24/24 MP: 6/8
  1710 | D:2      | Noticed Terence
  1722 | D:2      | Killed Terence
  1723 | D:2      | Reached skill level 5 in Earth Magic
  2128 | D:3      | Reached XP level 5. HP: 28/28 MP: 5/9
  2541 | D:3      | Noticed Robin
  2546 | D:3      | Killed Robin
  2912 | D:3      | Identified the +6 dire flail of Halat {vorpal, rF+ rN+
                  | Dex+2}
  2912 | D:3      | Noticed an ogre
  2963 | D:3      | Noticed Ijyb
  2993 | D:3      | Killed Ijyb
  3626 | D:3      | Noticed an ogre
  3653 | D:3      | Reached skill level 6 in Earth Magic
  3727 | D:3      | Noticed knorpule3000's ghost (amateur KoSu)
  3742 | D:3      | Found a transporter.
  3742 | D:3      | Found a transporter.
  3951 | D:3      | Reached XP level 6. HP: 33/33 MP: 3/11
  4292 | D:4      | Reached skill level 1 in Maces & Flails
  4341 | D:4      | Noticed Pikel
  4473 | D:4      | Killed Pikel
  4474 | D:4      | Reached skill level 1 in Fighting
  4474 | D:4      | Reached skill level 7 in Earth Magic
  4474 | D:4      | Reached XP level 7. HP: 38/38 MP: 2/13
  5245 | D:5      | Entered Level 5 of the Dungeon
  5391 | D:5      | Reached XP level 8. HP: 21/43 MP: 4/15
  5558 | D:5      | Found a staircase to the Ecumenical Temple.
  5564 | D:5      | Reached skill level 5 in Spellcasting
  5638 | Temple   | Entered the Ecumenical Temple
  5784 | Temple   | Became a worshipper of Nemelex Xobeh the Trickster
  6751 | D:6      | Reached skill level 8 in Earth Magic
  7105 | D:6      | Found a sacrificial altar of Ru.
  7173 | D:6      | Got a twisted dagger
  7250 | D:6      | Reached * piety under Nemelex Xobeh
  7335 | D:6      | Found Kynteloa's Antique Weapon Shoppe.
  7412 | D:6      | Reached skill level 1 in Armour
  7679 | D:6      | Reached XP level 9. HP: 48/48 MP: 17/17
  7748 | D:6      | Found Garodit's Weapon Shoppe.
  8303 | D:7      | Found a shimmering altar of Xom.
  8303 | D:7      | Found a shimmering altar of Xom.
  8305 | D:7      | Found a shimmering altar of Xom.
  8305 | D:7      | Found a shimmering altar of Xom.
  8306 | D:7      | Found a shimmering altar of Xom.
  8306 | D:7      | Found a shimmering altar of Xom.
  8341 | D:7      | Reached skill level 5 in Conjurations
  8640 | D:7      | Received a gift from Nemelex Xobeh
  8655 | D:7      | Found an ancient bone altar of Kikubaaqudgha.
  8944 | D:8      | Reached ** piety under Nemelex Xobeh
  9027 | D:8      | Received a gift from Nemelex Xobeh
  9405 | D:8      | Reached skill level 9 in Earth Magic
  9680 | D:8      | Found a staircase to the Lair.
  9681 | D:8      | Noticed a komodo dragon
  9694 | D:8      | Mangled by a komodo dragon

Illustrated notes

Levels and vault maps discovered:
D:1:      evilmike_arrival_home_sweet_home, layout_loops_ring
D:2:      layout_basic, overflow_temple_1_default, uniq_terence
D:3:      kennysheep_the_goblin_king, layout_basic, gammafunk_ghost_smash,
          uniq_robin
D:4:      layout_basic, uniq_pikel
D:5:      layout_basic, minmay_temple_entry_glass
D:6:      layout_cave_pools, nicolae_ru_sacrificial_ziggurat, serial_shops,
          kennysheep_little_box, nicolae_shop_crystal, grunt_ministairs_5
D:7:      layout_basic, xom_redecorated, lemuel_coloured_pillars_altar
D:8:      layout_loops_ring, david_lair_shrubbed, minmay_misc_feat_five,
          kennysheep_generic_room_5
Temple:   eino_narrow_crystal_temple

Skill      XL: |  1  2  3  4  5  6  7  8  9 |
---------------+----------------------------+-----
Earth Magic    | 4 5 6 7 8 9 |  9.1
Spellcasting   | 3 4 5 7 |  7.2
Dodging        | 2 3 |  3.0
Maces & Flails | 1 2 |  2.7
Fighting       | 1 |  1.8
Conjurations   | 2 4 5 |  5.7
Stealth        | 3 |  3.2
Armour         | 1 2 |  2.0
Transmutations | |  0.7

Action                   |  1- 3 |  4- 6 |  7- 9 || total
-------------------------+-------+-------+-------++-------
Melee: Hand axe          |    11 |    46 |       ||    57
       Whip              |       |    49 |   107 ||   156
 Cast: Sandblast         |    46 |    91 |    58 ||   195
       Stone Arrow       |       |    10 |    90 ||   100
  Use: Potion            |       |     1 |       ||     1
       Scroll            |       |     4 |     6 ||    10
 Stab: Sleeping          |     3 |     2 |     1 ||     6
Armor: Robe              |    11 |    56 |     9 ||    76
       Leather armour    |       |       |    43 ||    43
Dodge: Dodged            |     9 |    99 |    74 ||   182
